 Dungeon Crawl Stone Soup version 0.32-a0-433-g08bcfe7efd (webtiles) character file.

Game seed: 3541370226286765943

1188 pokeman the Thaumaturge (level 8, -2/44 HPs)
             Began as a Deep Elf Hedge Wizard on Feb 23, 2024.
             Was an Initiate of Vehumet.
             Killed from afar by an electric eel (13 damage)
             ... with a bolt of electricity
             ... on level 5 of the Dungeon.
             The game lasted 00:11:55 (6708 turns).

pokeman the Thaumaturge (Deep Elf Hedge Wizard)     Turns: 6708, Time: 00:11:55

Health: -2/44      AC:  9    Str:  7    XL:     8   Next: 19%
Magic:  15/23      EV: 12    Int: 22    God:    Vehumet [......]
Gold:   300        SH:  0    Dex: 14    Spells: 13/25 levels left

rFire   . . .        c - +1 dagger (elec)
rCold   + . .        (no shield)
rNeg    . . .        F - +3 leather armour
rPois   .            u - +0 helmet
rElec   .            j - +1 cloak
rCorr   .            (no gloves)
SInv    .            (no boots)
Will    +....        (no amulet)
Stlth   ++           f - ring of willpower
HPRegen 0.27/turn    i - ring of protection from cold
MPRegen 0.18/turn

%: no passive effects
@: no status effects
A: no striking features
a: Renounce Religion


You were on level 5 of the Dungeon.
You worshipped Vehumet.
Vehumet was noncommittal.
You visited 1 branch of the dungeon, and saw 5 of its levels.
You also visited: Sewer.

You collected 300 gold pieces.

Inventory:

Hand Weapons
 c - a +1 dagger of electrocution (weapon)
 m - a +2 quarterstaff of chaos
 y - a +2 dagger of pain
Armour
 j - a +1 cloak (worn)
 u - a +0 helmet (worn)
 F - a +3 leather armour (worn)
Magical Staves
 n - a staff of air
Jewellery
 f - a ring of willpower (left hand)
 i - a ring of protection from cold (right hand)
 s - a ring of protection from cold
Wands
 q - a wand of flame (39)
Scrolls
 e - 2 scrolls of fear {unknown}
 g - a scroll of vulnerability {unknown}
 h - 5 scrolls of amnesia {unknown}
 l - 5 scrolls of identify {unknown}
 o - 2 scrolls of noise {unknown}
 r - a scroll of enchant armour {unknown}
 t - a scroll of enchant weapon {unknown}
 w - 2 scrolls of revelation {unknown}
 D - a scroll of summoning {unknown}
 E - a scroll of silence {unknown}
Potions
 a - 6 potions of heal wounds {unknown}
 b - a potion of lignification {unknown}
 d - 2 potions of magic
 k - a potion of might {unknown}
 p - 2 potions of brilliance {unknown}
 v - 2 potions of cancellation {unknown}
 x - a potion of enlightenment {unknown}
 z - 2 potions of mutation {unknown}
 A - 2 potions of haste {unknown}
 B - 2 potions of resistance {unknown}
 C - a potion of invisibility {unknown}


   Skills:
 - Level 2.0 Fighting
 + Level 2.0 Armour
 - Level 3.0 Dodging
 - Level 3.0 Stealth
 * Level 9.1 Spellcasting
 + Level 4.6 Conjurations
 - Level 1.1 Summonings
 - Level 1.0 Necromancy
 - Level 1.1 Translocations
 - Level 1.0 Fire Magic
 + Level 3.6 Ice Magic
 - Level 1.0 Air Magic
 - Level 1.0 Alchemy
 - Level 1.1 Evocations


You had 13 spell levels left.
You knew the following spells:

 Your Spells              Type           Power      Damage    Failure   Level
a - Magic Dart            Conj           100%       1d8       1%          1
b - Mephitic Cloud        Conj/Alch/Air  19%        N/A       12%         3
c - Call Imp              Summ           28%        N/A       10%         2
d - Blink                 Tloc           28%        N/A       10%         2
e - Foxfire               Conj/Fire      88%        2x1d8     3%          1
f - Hailstorm             Conj/Ice       28%        3d8       5%          3

Your spell library contained the following spells:

 Spells                   Type           Power      Damage    Failure   Level
 Freeze                   Ice            100%       1d10      2%          1
 Frozen Ramparts          Ice            52%        1d8       6%          3
 Slow                     Hex            40%        N/A       10%         1
 Cigotuvi's Dreadful Rot  Necr/Alch/Air  28%        N/A       10%         2
 Vampiric Draining        Necr           14%        2d7       19%         3
 Confusing Touch          Hex            10%        N/A       28%         3
 Sigil of Binding         Hex            10%        N/A       28%         3
 Starburst                Conj/Fire      11%        6d5       99%         6
 Plasma Beam              Fire/Air       7%         2x1d17    100%        6


Dungeon Overview and Level Annotations

Branches:
Dungeon (5/15)              Sewer (visited)
 Temple: D:4-7

Altars:
Ashenzari
Cheibriados
Dithmenos
Fedhas
Hepliaklqana
Makhleb
Nemelex Xobeh
Ru
Vehumet
Xom

Shops:
D:4 *


Message History

* * * LOW HITPOINT WARNING * * *
The troll claws you.
* * * LOW HITPOINT WARNING * * *
You enter the shallow water.
Moving in this stuff is going to be slow.
Casting: Blink (safe; 10% risk of failure)
Confirm with . or Enter, or press ? or * to list all spells.
You conjure some foxfire!
Your foxfire dissipates!
The foxfire hits the troll.
The troll is lightly wounded.
Casting: Foxfire (safe; 3% risk of failure)
Confirm with . or Enter, or press ? or * to list all spells.
Aiming: Mephitic Cloud (dangerous; 12% risk of failure)
Press: ? - help, Shift-Dir - straight line, f/p - troll
Aim: a troll (lightly wounded, confused, chance to affect: 67%)
Okay, then.
Unknown command.
Okay, then.
Unknown command.
Casting: Mephitic Cloud (dangerous; 12% risk of failure)
Confirm with . or Enter, or press ? or * to list all spells.
A tiny devil pulls itself out of the air.
The troll grins madly.
The troll seems less confused.
Your cerulean imp hits the troll with a -3 spear.
Your magical contamination has completely faded away.
Your cerulean imp hits the troll but does no damage.
There's nothing to close nearby.
Casting: Call Imp (safe; 10% risk of failure)
Confirm with . or Enter, or press ? or * to list all spells.
Aiming: Mephitic Cloud (dangerous; 12% risk of failure)
Press: ? - help, Shift-Dir - straight line, f/p - troll
Aim: a troll (lightly wounded, ally target, chance to affect: 67%)
The ball explodes into a vile cloud!
The stinking cloud engulfs the troll.
The troll is lightly wounded.
Your cerulean imp hits the troll but does no damage.
The electric eel shoots out a bolt of lightning at you!
The bolt of electricity hits you!
You die...

#.........#.....#....#.....#.
#....#....#.....#....'.....#.
#....##'###.....######.....#'
#######..................####.
#........................#....
#........)........########....
#..............>###..~~~##....
#.....<.....#####5..####.##...
#..........##@§T§~##'..##.#...
#..........#..#####.....#.#...
#######§..§###' #.....#.##..
#)....# .. #.P..~#~####
#.....#.....#?.S~.#)#
#.....#~~.S.#$S!÷.#~#
#.....#.~~P)#S≈~≈≈#~#
#.....#~÷!S)##≈≈≈##~#
#.....#≈≈?S≈######.##


You could see a troll (ally target), 2 electric eels and a friendly cerulean imp
(summoned).

Vanquished Creatures
  Grinder (D:5)
  An ogre (D:5)
  A scorpion (D:4)
  A howler monkey (D:4)
  3 hounds (D:5)
  A bombardier beetle (D:5)
  Crazy Yiuf (D:2)
  6 jellies
  A sleepcap (D:4)
  Natasha (thrice) (D:2)
  Terence (D:3)
  An orc wizard (D:4)
  Robin (D:3)
  7 gnolls
  10 adders
  2 dart slugs
  2 ribbon worms
  9 orcs
  13 ball pythons
  13 endoplasms
  10 giant cockroaches
  14 goblins
  13 hobgoblins
  2 jackals (D:2)
  2 quokkas
  6 bats
  10 frilled lizards
  5 kobolds
  10 rats
150 creatures vanquished.

Vanquished Creatures (others)
  472 foxfires
472 creatures vanquished.

Grand Total: 622 creatures vanquished

Notes
Turn   | Place    | Note
-------+----------+-------------------------------------------
     0 | D:1      | pokeman the Deep Elf Hedge Wizard began the quest for the
                  | Orb.
     0 | D:1      | Reached XP level 1. HP: 10/10 MP: 7/7
    72 | D:1      | Found a faded altar of an unknown god.
   360 | D:1      | Reached XP level 2. HP: 11/16 MP: 3/9
  1113 | D:1      | Reached skill level 5 in Spellcasting
  1255 | D:1      | Reached XP level 3. HP: 18/20 MP: 2/11
  1259 | D:1      | Learned a level 3 spell: Mephitic Cloud
  1262 | D:1      | Learned a level 2 spell: Call Imp
  1265 | D:1      | Learned a level 2 spell: Blink
  1713 | D:2      | Learned a level 1 spell: Foxfire
  1747 | D:2      | Noticed Natasha
  1753 | D:2      | Killed Natasha
  1754 | D:2      | Reached skill level 1 in Fighting
  1754 | D:2      | Reached skill level 1 in Armour
  1791 | D:2      | Noticed Natasha
  1796 | D:2      | Killed Natasha
  1797 | D:2      | Reached XP level 4. HP: 25/25 MP: 6/13
  2060 | D:2      | Noticed Natasha
  2063 | D:2      | Killed Natasha
  2208 | D:2      | Found a blossoming altar of Fedhas.
  2214 | D:2      | Reached skill level 6 in Spellcasting
  2397 | D:2      | Reached XP level 5. HP: 29/29 MP: 13/15
  2585 | D:2      | Learned a level 3 spell: Hailstorm
  2694 | D:2      | Found a runed translucent door.
  2695 | D:2      | Noticed Crazy Yiuf
  2919 | D:2      | Killed Crazy Yiuf
  3144 | D:3      | Found a shadowy altar of Dithmenos.
  3589 | D:3      | Reached skill level 1 in Air Magic
  3644 | D:3      | Reached skill level 1 in Fire Magic
  3795 | D:3      | Noticed Robin
  3798 | D:3      | Reached skill level 1 in Alchemy
  3803 | D:3      | Reached skill level 1 in Ice Magic
  3808 | D:3      | Killed Robin
  3810 | D:3      | Reached XP level 6. HP: 28/34 MP: 1/17
  3971 | D:3      | Noticed Terence
  3981 | D:3      | Killed Terence
  4287 | D:3      | Found a sparkling altar of Nemelex Xobeh.
  4287 | D:3      | Found a hazy altar of Hepliaklqana.
  4287 | D:3      | Found a shimmering altar of Xom.
  4288 | D:3      | Found a broken altar of Ashenzari.
  4289 | D:3      | Found a sacrificial altar of Ru.
  4515 | D:4      | Reached skill level 1 in Evocations
  4619 | D:4      | Reached skill level 7 in Spellcasting
  4644 | D:4      | Found a glowing drain.
  4660 | Sewer    | Entered a sewer
  4870 | Sewer    | Reached skill level 1 in Necromancy
  5071 | Sewer    | Reached XP level 7. HP: 38/38 MP: 16/19
  5091 | Sewer    | Found a viscous altar of Jiyva.
  5384 | D:4      | Found Muede's General Store.
  5594 | D:5      | Entered Level 5 of the Dungeon
  5606 | D:5      | Reached skill level 8 in Spellcasting
  6154 | D:5      | Noticed Grinder
  6162 | D:5      | Killed Grinder
  6163 | D:5      | Reached skill level 9 in Spellcasting
  6163 | D:5      | Reached XP level 8. HP: 44/44 MP: 15/23
  6467 | D:5      | Found a faded altar of an unknown god.
  6467 | D:5      | Found a radiant altar of Vehumet.
  6473 | D:5      | Found a burning altar of Makhleb.
  6475 | D:5      | Became a worshipper of Vehumet
  6479 | D:5      | Found a faded altar of an unknown god.
  6481 | D:5      | Found a snail-covered altar of Cheibriados.
  6631 | D:5      | Noticed a troll
  6708 | D:5      | Killed from afar by an electric eel

Illustrated notes

Levels and vault maps discovered:
D:1:      amcnicky_arrival_abandoned_market, layout_basic,
          nicolae_ecumenical_lake_church, nicolae_the_louvre
D:2:      layout_loops_corners, basic_altar, uniq_crazy_yiuf_cottage,
          uniq_natasha
D:3:      layout_basic, mainiacjoe_overflow_24_doors, minitemple,
          minmay_fractal_squares_diagonal_5, uniq_terence, uniq_robin
D:4:      layout_loops_cross, cheibrodos_sewer_entry_sluice, serial_shops, shop,
          st_stairs_2
D:5:      cheibrodos_two_vegetables, layout_gridville,
          chequers_temple_overflow_minitemple, uniq_grinder

Skill      XL: |  1  2  3  4  5  6  7  8 |
---------------+-------------------------+-----
Spellcasting   | 5 6 7 9 |  9.1
Fighting       | 1 2 |  2.0
Armour         | 1 2 |  2.0
Conjurations   | 2 3 4 |  4.6
Stealth        | 3 |  3.0
Dodging        | 3 |  3.0
Air Magic      | 1 |  1.0
Fire Magic     | 1 |  1.0
Alchemy        | 1 |  1.0
Ice Magic      | 1 2 3 |  3.6
Evocations     | 1 |  1.1
Necromancy     | 1 |  1.0
Summonings     | |  1.1
Translocations | |  1.1

Action                     |  1- 3 |  4- 6 |  7- 9 || total
---------------------------+-------+-------+-------++-------
  Melee: Dagger            |    18 |    14 |     6 ||    38
   Cast: Magic Dart        |    65 |    14 |    11 ||    90
         Foxfire           |     8 |   183 |    69 ||   260
         Mephitic Cloud    |       |     3 |     5 ||     8
         Call Imp          |       |       |     1 ||     1
   Stab: Confused          |       |     2 |     1 ||     3
         Sleeping          |       |     1 |       ||     1
 Armour: Robe              |    15 |    16 |     6 ||    37
         Leather armour    |       |       |     7 ||     7
  Dodge: Dodged            |    19 |    28 |    13 ||    60

Table legend: (Time is in decaauts)
 A = Elapsed time spent in this place.
 B = Non-inter-level travel time spent in this place.
 C = Inter-level travel time spent in this place.
 D = Time resting spent in this place.
 E = Time spent auto-exploring this place.
 F = Levels seen in this place.
 G = Mean time per level.
                   A        B        C        D        E       F      G
               +--------+--------+--------+--------+--------+-----+--------+
         Total |   6746 |   6647 |     99 |     30 |   5604 |   6 | 1124.3 |
       Dungeon |   6223 |   6124 |     99 |     30 |   5192 |   5 | 1244.6 |
         Sewer |    523 |    523 |      0 |      0 |    412 |   1 |  523.0 |
               +--------+--------+--------+--------+--------+-----+--------+

Top non-repeatable levels by time:
     D:1: 1614 daAuts
     D:2: 1408 daAuts
     D:3: 1379 daAuts
     D:5: 1122 daAuts
     D:4: 697 daAuts
   Sewer: 523 daAuts
